 Dungeon Crawl Stone Soup version 0.19.0-11-g3fc08b3 (webtiles) character file.

539 Djon the Cudgeler (level 7, -1/45 HPs)
             Began as a Gargoyle Fighter on Nov 8, 2016.
             Killed by divine providence
             ... invoked by an orc priest
              (13 damage)
             ... on level 4 of the Dungeon.
             The game lasted 00:04:57 (3095 turns).

Djon the Cudgeler (Gargoyle Fighter)                Turns: 3095, Time: 00:04:57

Health: -1/45      AC: 16    Str: 27    XL:     7   Next: 26%
Magic:  7/7        EV:  6    Int:  8    God:
Gold:   169        SH:  0    Dex:  9    Spells: 0 memorised, 6 levels left

rFire  + . .     SeeInvis .     a - +0 flail
rCold  . . .     Gourm    .     q - +0 chain mail
rNeg   + . .     Faith    .     c - +0 shield
rPois  ∞         Spirit   .     i - +0 helmet (curse)
rElec  +         Reflect  .     y - +0 cloak
rCorr  .         Harm     .     (no gloves)
MR     .....                    (no boots)
Stlth  ..........               (no amulet)
                                (no ring)
                                w - ring of protection from fire

@: confused, mighty
A: negative energy resistance 1, electricity resistance, unbreathing,
petrification resistance, rot immunity, AC +4
a: no special abilities


You were on level 4 of the Dungeon.
You were not hungry.

You visited 1 branch of the dungeon, and saw 4 of its levels.

You collected 169 gold pieces.

Inventory:

Hand Weapons
 a - a +0 flail (weapon)
Armour
 c - a +0 shield (worn)
 i - a cursed +0 helmet (worn)
 q - a +0 chain mail (worn)
 y - a +0 cloak (worn)
Jewellery
 w - a ring of protection from fire (left hand)
Wands
 B - a wand of acid (7/15)
Scrolls
 g - 2 scrolls of remove curse {unknown}
 k - 2 scrolls of enchant weapon {unknown}
 l - 2 scrolls of teleportation {unknown}
 m - 7 scrolls of identify {unknown}
 o - a scroll of noise {unknown}
 r - a scroll of enchant armour {unknown}
 s - 6 scrolls of fog {unknown}
 t - a scroll of amnesia {unknown}
 x - a scroll of recharging {unknown}
Potions
 b - a potion of ambrosia
 d - a potion of might
 e - a potion of curing {unknown}
 h - a potion of heal wounds {unknown}
 n - 3 potions of haste {unknown}
 u - 2 potions of brilliance {unknown}
 A - a potion of cure mutation {unknown}
Comestibles
 f - 4 bread rations
 j - 3 meat rations
 p - a chunk of flesh


   Skills:
 + Level 5.6 Fighting
 * Level 6.4 Maces & Flails
 - Level 3.2 Armour
 - Level 3.2 Shields


You had 6 spell levels left.
You didn't know any spells.

Dungeon Overview and Level Annotations

Branches:
Dungeon (4/15)
 Temple: D:4-7

Altars:
Elyvilon


Innate Abilities, Weirdness & Mutations

You are resistant to torment.
Your stone body is resilient. (AC +4)
You are immune to poison.
You resist negative energy. (rN+)
You are resistant to electric shocks. (rElec)
You can survive without breathing.
You are immune to petrification.
You are immune to rotting.


Message History

A magic dart appears from out of thin air!
The magic dart hits you!
You bump into the metal wall.
You feel less confused.
The orc hits you from afar with a trident.
* * * LOW HITPOINT WARNING * * *
You block something's attack.
A gnoll comes into view. It is wielding a flail.
The gnoll shouts!
Found a white marble altar of Elyvilon.
A gnoll comes into view. It is wielding a spear.
You are confused.
You feel invigorated.
The gnoll shouts!
You hear some strange, mumbled words.
A puff of flame appears from out of thin air!
The puff of flame hits you!
You bump into the metal wall.
The orc hits you but does no damage.
The orc priest invokes the aid of Beogh against you.
Beogh smites you!
You die...

#### #...# #.....
###...... #.....gg.
#@# #.## #.o# ##o####
#.##.# #.##.# #####
#.##.###...###
#####.##.........####
#.o..................


You could see an orc priest, 2 gnolls and an orc.

Vanquished Creatures
  A necrophage (D:4)
  The ghost of spe3d0 the Cudgeler, an amateur GrMo (D:3)
  2 hounds (D:2)
  An orc priest (D:3)
  4 orc wizards
  3 gnolls
  4 adders
  An ooze (D:1)
  An adder skeleton (D:3)
  3 worms
  2 dart slugs
  2 leopard geckos
  15 orcs
  9 bats
  A giant cockroach (D:1)
  8 goblins
  10 hobgoblins
  3 quokkas
  8 frilled lizards
  8 kobolds
  5 rats
92 creatures vanquished.

Notes
Turn   | Place    | Note
-------+----------+-------------------------------------------
     0 | D:1      | Djon the Gargoyle Fighter began the quest for the Orb.
     0 | D:1      | Reached XP level 1. HP: 14/14 MP: 1/1
   101 | D:1      | Reached XP level 2. HP: 18/19 MP: 2/2
   228 | D:1      | Reached skill level 3 in Maces & Flails
   228 | D:1      | Reached XP level 3. HP: 18/24 MP: 3/3
  1093 | D:2      | Reached XP level 4. HP: 29/29 MP: 4/4
  1357 | D:2      | Reached skill level 4 in Maces & Flails
  1782 | D:2      | Reached XP level 5. HP: 23/34 MP: 5/5
  1942 | D:3      | Reached skill level 5 in Maces & Flails
  2120 | D:3      | Reached XP level 6. HP: 39/39 MP: 6/6
  2156 | D:3      | Noticed spe3d0's ghost (amateur GrMo)
  2188 | D:3      | Killed spe3d0's ghost
  2188 | D:3      | Reached skill level 5 in Fighting
  2387 | D:3      | Reached skill level 6 in Maces & Flails
  2909 | D:4      | Noticed a necrophage
  2931 | D:4      | Killed a necrophage
  2931 | D:4      | Reached XP level 7. HP: 34/44 MP: 7/7
  3063 | D:4      | HP: 2/45 [orc priest/divine providence (13)]
  3071 | D:4      | HP: 2/45 [orc priest/divine providence (12)]
  3083 | D:4      | HP: 2/45 [orc priest/divine providence (14)]
  3093 | D:4      | Found a white marble altar of Elyvilon.
  3095 | D:4      | Killed from afar by an orc priest

Skill      XL: |  1  2  3  4  5  6 |
---------------+-------------------+-----
Maces & Flails | 3 4 5 6 |  6.4
Fighting       | 4 5 |  5.6
Armour         | |  3.2
Shields        | |  3.2

Action                   |  1- 3 |  4- 6 |  7- 9 || total
-------------------------+-------+-------+-------++-------
Melee: Flail             |   122 |   352 |    31 ||   505
  Use: Potion            |       |       |     3 ||     3
  Eat: Chunk             |     1 |     6 |     1 ||     8
Armor: Scale mail        |    58 |    35 |       ||    93
       Chain mail        |       |   196 |    33 ||   229
Dodge: Dodged            |    45 |    92 |     8 ||   145
Block: Shield            |    63 |   185 |     5 ||   253
